 Dungeon Sprint DCSS version 0.17.2-1-ge4368a0 (webtiles) character file.

286678 mopl the Ninja (level 18, -4/124 HPs)
             Began as a Spriggan Assassin on Aug 22, 2016.
             Was the Champion of Trog.
             Killed from afar by Antaeus (43 damage)
             ... with a flash freeze
             ... while paralysed by you
             ... in the Dungeon (Sprint III: "The Ten Rune Challenge").
             The game lasted 01:00:24 (13026 turns).

mopl the Ninja (Spriggan Assassin)                 Turns: 13026, Time: 01:00:24

Health: -4/124     AC: 18    Str:  7    XL:     18   Next: 30%
Magic:  19/54      EV:  4    Int: 15    God:    Trog [******]
Gold:   317        SH:  0    Dex: 21    Spells: 0 memorised, 17 levels left

rFire  + . .     SeeInvis +     b - +3 blowgun
rCold  + + .     Clarity  .     J - +2 robe {rC+ rF+}
rNeg   + + .     SustAt   .     (shield restricted)
rPois  .         Gourm    .     K - +2 hat
rElec  .         Spirit   .     d - +2 cloak
rCorr  .         Warding  .     (gloves unavailable)
rMut   .         NoTele   +     (boots unavailable)
MR     ++++.                    N - amulet of Hospitality {Faith rC+ MP+9}
Stlth  ++++++++++               k - ring of Henotheism {rN++ MP+9}
                                C - ring of invisibility

@: paralysed, very quick, incredibly resistant to hostile enchantments,
uncannily stealthy
A: unfitting armour, rough black scales 2, see invisible, herbivore 3, speed 3,
magic resistance 1, slow metabolism 2, spit poison 1, subdued magic 1
a: Spit Poison, Berserk, Trog's Hand, Brothers in Arms, Burn Spellbooks,
Renounce Religion, Evoke Invisibility
}: 5/10 runes: serpentine, barnacled, silver, iron, bone


You were in the Dungeon.
You worshipped Trog.
Trog was exalted by your worship.
You were not hungry.

You visited 1 branch You collected 3553 gold pieces.
You spent 3236 gold pieces at shops.

Inventory:

Hand Weapons
 a - a +6 antimagic quick blade
 b - a +3 blowgun (weapon)
 e - the +4 Staff of Dispater
   (You took it off Dispater in the Dungeon)
 l - the +9 rapier of Pianimeq {pierce, rN+}
   (Trog gifted it to you in the Dungeon)

   It inflicts extra damage upon your enemies.
   It protects you from negative energy.
 A - a +7 antimagic rapier
Missiles
 f - 18 curare-tipped needles
 g - 6 silver tomahawks
 i - 24 tomahawks of returning
 n - 22 exploding tomahawks
 x - 8 throwing nets
 D - 8 needles of frenzy
 E - 37 needles of confusion
 H - 3 needles of paralysis (quivered)
 M - 36 needles of sleeping
 S - 36 poisoned tomahawks
Armour
 d - a +2 cloak (worn)
 J - a +2 robe of resistance (worn)
 K - a +2 hat (worn)
Rods
 G - a +7 rod of the swarm (12/12) {!a}
   (You found it in the Dungeon)
Jewellery
 k - the ring of Henotheism (right hand) {rN++ MP+9}
   (You found it in the Dungeon)

   [ring of magical power]

   It greatly protects you from negative energy.
   It affects your magic capacity (+9).
 C - a ring of invisibility (left hand)
 N - the amulet of Hospitality (around neck) {Faith rC+ MP+9}
   (You bought it in a shop in the Dungeon)

   [amulet of faith]

   It allows you to gain divine favour quickly.
   It protects you from cold.
   It affects your magic capacity (+9).
Wands
 y - a wand of confusion (20)
 z - a wand of heal wounds (6)
 B - a wand of fire (1)
 Y - a wand of heal wounds (0)
Scrolls
 o - 3 scrolls of torment {!r}
 p - 5 scrolls of identify
 q - 2 scrolls of remove curse
 t - a scroll of holy word
 u - a scroll of fear
 F - a scroll of silence {!r}
 U - 4 scrolls of enchant armour
 X - a scroll of fog
 Z - a scroll of summoning
Potions
 c - 4 potions of might
 h - 16 potions of curing
 j - 2 potions of haste
 s - 3 potions of cure mutation {!q}
 v - 3 potions of agility
 w - 2 potions of flight
 I - 2 potions of cancellation
 O - 3 potions of resistance
 P - 6 potions of heal wounds
 Q - 2 potions of lignification {!q}
 R - a potion of ambrosia
 V - a potion of invisibility
Miscellaneous
 L - 2 phantom mirrors
 T - a lamp of fire
Comestibles
 r - 30 royal jellies


   Skills:
 + Level 25.7 Fighting
 - Level 14.0 Short Blades
 O Level 27 Throwing
 + Level 19.5 Armour
 O Level 27 Dodging
 O Level 27 Stealth
   Level 0.0 Shields
 O Level 27 Evocations


You had 17 spell levels left.
You didn't know any spells.

Dungeon Overview and Level Annotations

Branches:
Dungeon (1/1)

Altars:
Cheibriados
Dithmenos
Elyvilon
Fedhas
Gozag
Kikubaaqudgha
Makhleb
Nemelex Xobeh
Okawaru
Qazlal
Ru
Sif Muna
Trog
Vehumet
Xom
Yredelemnul
Zin
The Shining One
Beogh
Jiyva
Lugonu

Shops:
D [!}=!(:}%%![*[%((=[:!}?:

Annotations:
D Antaeus, Serpent of Hell


Innate Abilities, Weirdness & Mutations

You are tiny and cannot use many weapons and most armour.
You have supernaturally acute eyesight.
You are a herbivore.
You cover ground extremely quickly.
You need consume almost no food.
You are mostly covered in rough black scales (AC +7, Dex -2).
You are resistant to hostile enchantments.
You can spit weak poison.
Your spells are a little easier to cast, but a little less powerful.


Message History

The needle of paralysis completely misses you.
Firing (i - inventory. (,) - cycle):
H - 5 needles of paralysis (quivered)
Press: ? - help, Shift-Dir - straight line, f/p - Antaeus
Aim: Antaeus, wearing a large shield of reflection (purple smoke)
You shoot a needle of paralysis.
Antaeus reflects the needle of paralysis off his large shield of reflection!
The needle of paralysis completely misses you.
Antaeus gestures at you. The bolt of lightning misses you.
Firing (i - inventory. (,) - cycle):
H - 4 needles of paralysis (quivered)
Press: ? - help, Shift-Dir - straight line, f/p - Antaeus
Aim: Antaeus, wearing a large shield of reflection (purple smoke)
You shoot a needle of paralysis.
Antaeus reflects the needle of paralysis off his large shield of reflection!
The needle of paralysis hits you.
You suddenly lose the ability to move!
Antaeus hits you!! Antaeus freezes you! You resist. Antaeus hits you!!
Antaeus freezes you! You resist. Antaeus gestures at you.
The flash freeze hits you! You partially resist.
You die...

######''#######§§.§.§§§.§§§
##§#§#.§#§#§###§.§.§...§..§
#§§§§§§§.§§§.##8..§§)..§..8
▓######'#############+######
▓.§.§§.§§))§§§....§...(...§.
▓.§.§§.§§)§§..§..§§§§§§§....
▓....§..§§§§§§.§§§§§§§§§§§..
▓.§§§§..[...§§§.§§§§§§§§§...
▓...§§§§.§C@§§.§§§§§§§§§§§..
▓#######'#############+#####
#≈≈≈≈≈≈≈≈≈##§§§#§§§§#§§§
#≈###≈≈#'###§§§'.§§§§§§§ #+#
#('≈≈#=# #§.§#.§§§#§§§
≈≈≈≈###≈≈######)########§#
≈≈≈≈≈≈≈≈≈≈≈≈# #.§§§§§§§§§#
≈≈≈≈###C≈≈≈≈###§##########
## #≈≈#####§§§#§§§§§§§§


You could see Antaeus.

Vanquished Creatures
  Gloorx Vloq (D)
  Dispater (D)
  Khufu (D)
  Mara (D)
  Mennas (D)
  4 greater mummies (D)
  Boris (D)
  Norris (D)
  Sigmund (D)
  Geryon (D)
  A lich (D)
  A golden dragon (D)
  Nikola (D)
  Rupert (D)
  3 Hell Sentinels (D)
  2 Ice Fiends (D)
  A deep elf blademaster (D)
  A deep elf master archer (D)
  2 titans (D)
  An Executioner (D)
  Gastronok (D)
  Chuck (D)
  5 shadow dragons (D)
  4 azure jellies (D)
  A greater naga (D)
  A storm dragon (D)
  2 fire giants (D)
  Maud (D)
  An iron dragon (D)
  3 ghost moths (D)
  2 stone giants (D)
  Nessos (D)
  Azrael (D)
  A yellow draconian (D)
  2 dire elephants (D)
  Snorg (D)
  15 vault guards (D)
  A fire dragon (D)
  A mummy priest (D)
  3 yaktaur captains (D)
  2 hydras (D)
  2 deep elf high priests (D)
  A naga warrior (D)
  3 anacondas (D)
  2 hell beasts (D)
  3 centaur warriors (D)
  3 alligator snapping turtles (D)
  2 orc high priests (D)
  An ogre mage (D)
  4 death yaks (D)
  4 dancing weapons (D)
  2 iron elementals (D)
  A soul eater (D)
  2 sun demons (D)
  2 titan zombies (D)
  A shadow wraith (D)
  3 deep elf knights (D)
  An iron golem (D)
  9 skeletal warriors (D)
  A death drake (D)
  An ice devil (D)
  3 kraken simulacra (D)
  4 statues (D)
  A giant orange brain (shapeshifter) (D)
  2 unseen horrors (D)
  A spriggan druid (D)
  A spectral iron dragon (D)
  3 deep elf summoners (D)
  A giant orange brain (D)
  3 deep elf conjurers (D)
  A shining eye (D)
  A lindwurm (D)
  A griffon (shapeshifter) (D)
  2 crystal guardians (D)
  2 hornets (D)
  A manticore (shapeshifter) (D)
  5 ugly things (D)
  3 rust devils (D)
  2 stone giant skeletons (D)
  2 orc sorcerers (D)
  A guardian serpent (D)
  2 oklob plants (D)
  2 elephants (D)
  6 black mambas (D)
  An iron troll simulacrum (D)
  Edmund (D)
  A molten gargoyle (D)
  2 spiny frogs (D)
  A komodo dragon (D)
  10 yaktaurs (D)
  An anaconda simulacrum (D)
  A deep elf priest (D)
  A fire drake (D)
  A fire drake (shapeshifter) (D)
  8 guardian mummies (D)
  3 wandering mushrooms (D)
  2 spriggan defenders (D)
  A queen bee (D)
  8 slime creatures (D)
  3 snapping turtles (D)
  8 blink frogs (D)
  11 shadows (D)
  3 redbacks (D)
  A human (shapeshifter) (D)
  2 spriggans (D)
  A golden eye (D)
  2 nagas (D)
  A hydra simulacrum (D)
  A spatial vortex (D)
  A swamp drake (D)
  5 water moccasins (D)
  A wasp (D)
  An orc warrior (D)
  A necrophage (D)
  2 brain worms (D)
  An earth elemental (D)
  2 centaurs (D)
  A water elemental (D)
  32 killer bees (D)
  4 electric eels (D)
  6 orc priests (D)
  8 quasits (D)
  A jelly (D)
  3 orc wizards (D)
  A necromancer (D)
  A wizard (D)
  A wolf (D)
  A kobold demonologist (D)
  3 humans (D)
  4 adders (D)
  2 giant eyeballs (D)
  8 orcs (D)
  4 rats (D)
  2 butterflies (D)
  3 plants (D)
349 creatures vanquished.

Vanquished Creatures (collateral kills)
  the iron giant (D)
  A kraken (D)
  Roxanne (D)
  4 war gargoyles (D)
  A deep elf demonologist (D)
  2 vampire knights (D)
  2 vault guards (D)
  A soul eater (D)
  An ice devil (D)
  An obsidian statue (D)
  2 orange crystal statues (D)
  A deep elf conjurer (D)
  2 crystal guardians (D)
  4 statues (D)
  A guardian mummy (D)
  2 spriggan defenders (D)
  A slime creature (D)
  A shadow (D)
  3 quasits (D)
  4 tentacles (D)
36 creatures vanquished.

Vanquished Creatures (others)
  A deep elf blademaster (D)
  2 draconian scorchers (D)
  A deep elf annihilator (D)
  A vault guard (D)
  6 ball lightnings (D)
  4 yaktaurs (D)
  2 ballistomycetes (D)
  3 bushes (D)
  A butterfly (D)
  2 giant spores (D)
  34 plants (D)
  7 tentacles (D)
  86 tentacle segments (D)
150 creatures vanquished.

Grand Total: 535 creatures vanquished

Notes
Turn   | Place    | Note
--------------------------------------------------------------
     0 | D        | mopl the Spriggan Assassin began the quest for the Orb.
     0 | D        | Reached XP level 1. HP: 10/10 MP: 2/2
     8 | D        | Reached skill level 6 in Stealth
    54 | D        | Reached skill level 3 in Throwing
    62 | D        | Noticed a wolf
    71 | D        | Killed a wolf
    71 | D        | Reached skill level 5 in Throwing
    71 | D        | Reached skill level 7 in Stealth
    71 | D        | Reached XP level 2. HP: 5/14 MP: 3/3
    97 | D        | Reached skill level 8 in Stealth
    97 | D        | Reached XP level 3. HP: 7/18 MP: 4/4
   210 | D        | Killed a yaktaur
   254 | D        | Killed a white draconian scorcher
   279 | D        | Gained mutation: You can spit weak poison. [potion of mutation]
   279 | D        | Gained mutation: You are resistant to hostile enchantments. [potion of mutation]
   280 | D        | Gained mutation: You are partially covered in rough black scales (AC +4, Dex -1). [potion of mutation]
   280 | D        | Gained mutation: You are mostly covered in rough black scales (AC +7, Dex -2). [potion of mutation]
   280 | D        | Gained mutation: Your spells are a little easier to cast, but a little less powerful. [potion of mutation]
   291 | D        | Noticed a water elemental
   293 | D        | Killed a water elemental
   293 | D        | Reached skill level 7 in Throwing
   293 | D        | Reached skill level 9 in Stealth
   293 | D        | Reached XP level 4. HP: 22/22 MP: 5/5
   299 | D        | Found an iron altar of Okawaru.
   299 | D        | Killed a white draconian scorcher
   300 | D        | Found a bloodstained altar of Trog.
   300 | D        | Noticed a human
   300 | D        | Noticed a human
   302 | D        | Killed a human
   302 | D        | Reached skill level 10 in Throwing
   302 | D        | Reached skill level 12 in Stealth
   302 | D        | Reached XP level 5. HP: 25/25 MP: 6/6
   303 | D        | Killed a human
   303 | D        | Reached skill level 11 in Throwing
   303 | D        | Reached skill level 13 in Stealth
   303 | D        | Reached XP level 6. HP: 30/30 MP: 7/7
   312 | D        | Became a worshipper of Trog the Wrathful
   318 | D        | Found a glowing silver altar of Zin.
   319 | D        | Found a glowing golden altar of the Shining One.
   319 | D        | Found a white marble altar of Elyvilon.
   319 | D        | Noticed a deep elf priest
   321 | D        | Killed a deep elf priest
   321 | D        | Reached skill level 12 in Throwing
   321 | D        | Reached skill level 14 in Stealth
   321 | D        | Reached XP level 7. HP: 33/33 MP: 8/8
   335 | D        | Found a snail-covered altar of Cheibriados.
   335 | D        | Noticed a necrophage
   336 | D        | Found a basalt altar of Yredelemnul.
   336 | D        | Found a blossoming altar of Fedhas.
   336 | D        | Noticed a necromancer
   337 | D        | Killed a necrophage
   338 | D        | Killed a necromancer
   338 | D        | Reached * piety under Trog
   338 | D        | Reached skill level 13 in Throwing
   351 | D        | Found a radiant altar of Vehumet.
   352 | D        | Found a deep blue altar of Sif Muna.
   352 | D        | Found an ancient bone altar of Kikubaaqudgha.
   352 | D        | Noticed a wizard
   353 | D        | Killed a wizard
   353 | D        | Reached skill level 15 in Stealth
   355 | D        | Reached ** piety under Trog
   357 | D        | Reached *** piety under Trog
   378 | D        | Noticed a jelly
   379 | D        | Noticed a shadow
   381 | D        | Killed a shadow
   381 | D        | Reached skill level 2 in Fighting
   381 | D        | Reached skill level 3 in Short Blades
   390 | D        | Killed a jelly
   390 | D        | Reached **** piety under Trog
   542 | D        | Found a stormy altar of Qazlal.
   543 | D        | Found a sacrificial altar of Ru.
   543 | D        | Found a burning altar of Makhleb.
   543 | D        | Found a viscous altar of Jiyva.
   543 | D        | Found a shimmering altar of Xom.
   543 | D        | Found a shadowy altar of Dithmenos.
   543 | D        | Found a sparkling altar of Nemelex Xobeh.
   543 | D        | Found a corrupted altar of Lugonu.
   543 | D        | Found an opulent altar of Gozag.
   543 | D        | Noticed a spatial vortex
   546 | D        | Killed a spatial vortex
   546 | D        | Reached XP level 8. HP: 39/39 MP: 9/9
   559 | D        | Noticed Snorg
   580 | D        | Killed Snorg
   580 | D        | Reached skill level 4 in Fighting
   580 | D        | Reached skill level 6 in Short Blades
   580 | D        | Reached skill level 14 in Throwing
   580 | D        | Reached skill level 16 in Stealth
   629 | D        | Noticed an earth elemental
   632 | D        | Killed an earth elemental
   637 | D        | Noticed a centaur
   637 | D        | Noticed a centaur warrior
   637 | D        | Noticed a centaur
   660 | D        | Killed a centaur warrior
   660 | D        | Reached skill level 5 in Fighting
   660 | D        | Reached skill level 7 in Short Blades
   660 | D        | Reached skill level 15 in Throwing
   660 | D        | Reached XP level 9. HP: 12/47 MP: 10/10
   665 | D        | Killed a centaur
   665 | D        | Received a gift from Trog
   665 | D        | Reached skill level 17 in Stealth
   669 | D        | Killed a centaur
   860 | D        | Killed a yaktaur
   924 | D        | Noticed an unseen horror
   924 | D        | Noticed an unseen horror
   925 | D        | Killed an unseen horror
   927 | D        | Killed an unseen horror
   927 | D        | Reached ***** piety under Trog
   927 | D        | Reached skill level 6 in Fighting
   927 | D        | Reached skill level 8 in Short Blades
   927 | D        | Reached skill level 16 in Throwing
   932 | D        | Noticed a wandering mushroom
   936 | D        | Noticed a wandering mushroom
   938 | D        | Noticed a wandering mushroom
   946 | D        | Killed a wandering mushroom
   962 | D        | Killed a wandering mushroom
   962 | D        | Reached skill level 18 in Stealth
   962 | D        | Reached XP level 10. HP: 53/53 MP: 11/11
   969 | D        | Killed a wandering mushroom
   969 | D        | Reached skill level 9 in Short Blades
   980 | D        | Noticed Sigmund
   980 | D        | Noticed Edmund
   985 | D        | Killed Sigmund
   985 | D        | Reached skill level 8 in Fighting
   985 | D        | Reached skill level 10 in Short Blades
   985 | D        | Reached skill level 17 in Throwing
   985 | D        | Reached skill level 19 in Stealth
   990 | D        | Killed Edmund
   990 | D        | Reached skill level 2 in Dodging
   990 | D        | Reached XP level 11. HP: 48/60 MP: 12/12
  1060 | D        | Noticed an orc priest
  1060 | D        | Noticed an orc priest
  1086 | D        | Noticed a spiny frog
  1086 | D        | Noticed a komodo dragon
  1086 | D        | Noticed a spiny frog
  1089 | D        | Killed a spiny frog
  1089 | D        | Reached skill level 11 in Short Blades
  1090 | D        | Killed a komodo dragon
  1090 | D        | Reached skill level 18 in Throwing
  1090 | D        | Reached skill level 3 in Dodging
  1091 | D        | Killed a spiny frog
  1091 | D        | Received a gift from Trog
  1094 | D        | Noticed a redback
  1096 | D        | Killed a redback
  1096 | D        | Received a gift from Trog
  1096 | D        | Reached skill level 4 in Dodging
  1098 | D        | Noticed a brain worm
  1101 | D        | Killed a brain worm
  1101 | D        | Received a gift from Trog
  1105 | D        | Noticed a brain worm
  1107 | D        | Killed a brain worm
  1110 | D        | Noticed a lindwurm
  1112 | D        | Noticed a redback
  1113 | D        | Killed a lindwurm
  1113 | D        | Reached ****** piety under Trog
  1113 | D        | Received a gift from Trog
  1113 | D        | Reached skill level 20 in Stealth
  1116 | D        | Killed a redback
  1116 | D        | Received a gift from Trog
  1123 | D        | Noticed a redback
  1124 | D        | Killed a redback
  1124 | D        | Reached skill level 5 in Dodging
  1125 | D        | Noticed Maud
  1128 | D        | Killed Maud
  1128 | D        | Reached skill level 9 in Fighting
  1128 | D        | Reached skill level 6 in Dodging
  1135 | D        | Noticed an electric eel
  1136 | D        | Noticed a seven-headed hydra
  1136 | D        | Noticed a seven-headed hydra
  1140 | D        | Killed an electric eel
  1155 | D        | Killed a seven-headed hydra
  1155 | D        | Reached skill level 7 in Dodging
  1156 | D        | Killed a yaktaur
  1173 | D        | Killed a seven-headed hydra
  1173 | D        | Reached skill level 12 in Short Blades
  1176 | D        | Noticed a death drake
  1182 | D        | Killed a death drake
  1182 | D        | Received a gift from Trog
  1245 | D        | Found a blossoming altar of Fedhas.
  1245 | D        | Noticed a spriggan
  1245 | D        | Noticed a spriggan druid
  1245 | D        | Noticed a spriggan
  1264 | D        | Killed a spriggan druid
  1264 | D        | Reached skill level 19 in Throwing
  1264 | D        | Reached skill level 8 in Dodging
  1268 | D        | Killed a spriggan
  1272 | D        | Killed a spriggan
  1272 | D        | Received a gift from Trog
  1348 | D        | Noticed a black mamba
  1348 | D        | Noticed a black mamba
  1348 | D        | Noticed a water moccasin
  1348 | D        | Noticed a water moccasin
  1349 | D        | Noticed an anaconda
  1350 | D        | Killed a black mamba
  1351 | D        | Noticed a black mamba
  1353 | D        | Killed a black mamba
  1353 | D        | Reached skill level 21 in Stealth
  1354 | D        | Killed a water moccasin
  1359 | D        | Killed a water moccasin
  1371 | D        | Killed an anaconda
  1371 | D        | Received a gift from Trog
  1371 | D        | Reached skill level 10 in Fighting
  1371 | D        | Reached skill level 9 in Dodging
  1375 | D        | Killed a black mamba
  1375 | D        | Reached XP level 12. HP: 67/67 MP: 13/13
  1401 | D        | Noticed a black mamba
  1401 | D        | Noticed a water moccasin
  1401 | D        | Noticed a water moccasin
  1402 | D        | Noticed an anaconda
  1403 | D        | Killed a water moccasin
  1431 | D        | Killed an anaconda
  1431 | D        | Received a gift from Trog
  1441 | D        | Killed a black mamba
  1441 | D        | Received a gift from Trog
  1441 | D        | Reached skill level 10 in Dodging
  1445 | D        | Killed a water moccasin
  1445 | D        | Received a gift from Trog
  1474 | D        | Noticed an anaconda
  1475 | D        | Noticed a water moccasin
  1476 | D        | Killed an anaconda
  1476 | D        | Reached skill level 13 in Short Blades
  1488 | D        | Killed a water moccasin
  1492 | D        | Noticed a naga
  1492 | D        | Noticed a naga
  1493 | D        | Noticed a naga warrior
  1493 | D        | Noticed a greater naga
  1513 | D        | Killed a naga
  1527 | D        | Killed a naga warrior
  1532 | D        | Killed a greater naga
  1532 | D        | Received a gift from Trog
  1532 | D        | Reached skill level 20 in Throwing
  1532 | D        | Reached skill level 11 in Dodging
  1537 | D        | Killed a naga
  1550 | D        | Found Vext's Distillery.
  1550 | D        | Found Masazywn's Antique Weapon Shoppe.
  1554 | D        | Found Xoitieph's Book Boutique.
  1558 | D        | Bought a potion of poison for 12 gold pieces
  1566 | D        | Noticed a guardian serpent
  1573 | D        | Killed a guardian serpent
  1575 | D        | Got a serpentine rune of Zot
  1652 | D        | Noticed a swamp drake
  1652 | D        | Noticed a fire drake
  1653 | D        | Killed a fire drake
  1653 | D        | Reached skill level 22 in Stealth
  1655 | D        | Killed a swamp drake
  1660 | D        | Noticed a blink frog
  1660 | D        | Noticed a blink frog
  1662 | D        | Noticed a blink frog
  1662 | D        | Noticed a blink frog
  1664 | D        | Noticed a blink frog
  1665 | D        | Killed a blink frog
  1679 | D        | Killed a blink frog
  1687 | D        | Killed a blink frog
  1687 | D        | Received a gift from Trog
  1697 | D        | Killed a blink frog
  1707 | D        | Killed a blink frog
  1716 | D        | Noticed Rupert
  1723 | D        | Killed Rupert
  1723 | D        | Reached skill level 11 in Fighting
  1723 | D        | Reached skill level 12 in Dodging
  1825 | D        | Noticed a death yak
  1826 | D        | Noticed a death yak
  1826 | D        | Noticed a blink frog
  1828 | D        | Noticed a death yak
  1842 | D        | Killed a blink frog
  1847 | D        | Killed a death yak
  1847 | D        | Reached skill level 14 in Short Blades
  1852 | D        | Killed a death yak
  1852 | D        | Reached skill level 1 in Evocations
  1853 | D        | Noticed a death yak
  1855 | D        | Noticed a blink frog
  1862 | D        | Killed a death yak
  1862 | D        | Reached skill level 2 in Evocations
  1868 | D        | Noticed a blink frog
  1868 | D        | Killed a death yak
  1868 | D        | Received a gift from Trog
  1868 | D        | Reached skill level 3 in Evocations
  1878 | D        | Noticed a black mamba
  1901 | D        | Killed a blink frog
  1901 | D        | Reached skill level 13 in Dodging
  1968 | D        | Killed a black mamba
  1972 | D        | Noticed a black mamba
  1986 | D        | Killed a black mamba
  1986 | D        | Reached skill level 21 in Throwing
  1986 | D        | Reached XP level 13. HP: 66/74 MP: 5/16
  1993 | D        | Noticed an azure jelly
  1993 | D        | Noticed an azure jelly
  2002 | D        | Killed a blink frog
  2002 | D        | Reached skill level 4 in Evocations
  2006 | D        | Noticed a snapping turtle
  2006 | D        | Noticed a snapping turtle
  2008 | D        | Noticed a kraken
  2009 | D        | Killed a snapping turtle
  2009 | D        | Received a gift from Trog
  2024 | D        | Killed a snapping turtle
  2049 | D        | Killed a kraken
  2049 | D        | Reached skill level 23 in Stealth
  2188 | D        | Noticed an alligator snapping turtle
  2188 | D        | Noticed a snapping turtle
  2189 | D        | Found Zidixore's Antique Armour Shoppe.
  2189 | D        | Found Hackomoa's Distillery.
  2189 | D        | Found Osoxziqe's Gadget Shop.
  2189 | D        | Noticed an alligator snapping turtle
  2189 | D        | Noticed an alligator snapping turtle
  2233 | D        | Killed an alligator snapping turtle
  2233 | D        | Reached skill level 5 in Evocations
  2262 | D        | Killed an alligator snapping turtle
  2323 | D        | Killed an alligator snapping turtle
  2323 | D        | Received a gift from Trog
  2348 | D        | Bought an embroidered robe for 13 gold pieces
  2350 | D        | Got a barnacled rune of Zot
  2533 | D        | Noticed an azure jelly
  2533 | D        | Noticed an azure jelly
  2541 | D        | Killed an azure jelly
  2541 | D        | Reached skill level 14 in Dodging
  2541 | D        | Reached skill level 6 in Evocations
  2542 | D        | Killed an azure jelly
  2542 | D        | Reached skill level 7 in Evocations
  2558 | D        | Killed an azure jelly
  2558 | D        | Reached skill level 12 in Fighting
  2569 | D        | Killed an azure jelly
  2569 | D        | Reached skill level 8 in Evocations
  2574 | D        | Noticed an elephant
  2574 | D        | Noticed an elephant
  2574 | D        | Noticed a dire elephant
  2574 | D        | Noticed a dire elephant
  2574 | D        | Noticed Gastronok
  2584 | D        | Killed a dire elephant
  2584 | D        | Reached skill level 15 in Dodging
  2617 | D        | Killed a dire elephant
  2617 | D        | Received a gift from Trog
  2617 | D        | Reached skill level 22 in Throwing
  2623 | D        | Killed an elephant
  2623 | D        | Reached skill level 9 in Evocations
  2730 | D        | Killed Gastronok
  2730 | D        | Reached skill level 24 in Stealth
  2733 | D        | Killed an elephant
  3016 | D        | Found Pifidian's Jewellery Shoppe.
  3017 | D        | Found a roughly hewn altar of Beogh.
  3017 | D        | Noticed an orc wizard
  3017 | D        | Noticed an orc priest
  3018 | D        | Noticed an orc wizard
  3018 | D        | Noticed an orc wizard
  3041 | D        | Received a gift from Trog
  3048 | D        | Noticed an orc sorcerer
  3050 | D        | Killed an orc wizard
  3050 | D        | Received a gift from Trog
  3052 | D        | Noticed an orc priest
  3061 | D        | Killed an orc wizard
  3062 | D        | Noticed an orc priest
  3064 | D        | Noticed an orc high priest
  3068 | D        | Received a gift from Trog
  3076 | D        | Noticed an orc warrior
  3081 | D        | Killed an orc sorcerer
  3088 | D        | Killed an orc priest
  3089 | D        | Killed an orc wizard
  3100 | D        | Killed an orc high priest
  3100 | D        | Received a gift from Trog
  3104 | D        | Killed an orc priest
  3104 | D        | Received a gift from Trog
  3109 | D        | Killed an orc warrior
  3114 | D        | Noticed an orc sorcerer
  3120 | D        | Killed an orc priest
  3139 | D        | Killed an orc sorcerer
  3139 | D        | Received a gift from Trog
  3201 | D        | Bought the amulet of Hospitality {Faith rC+ MP+9} for 594 gold pieces
  3316 | D        | Bought a potion of resistance for 120 gold pieces
  3316 | D        | Bought a potion of heal wounds for 60 gold pieces
  3316 | D        | Bought a potion of lignification for 36 gold pieces
  3316 | D        | Bought a potion of curing for 36 gold pieces
  3316 | D        | Bought a potion of haste for 120 gold pieces
  3316 | D        | Bought a potion of flight for 36 gold pieces
  3316 | D        | Bought a potion of resistance for 120 gold pieces
  3466 | D        | Killed a snapping turtle
  3466 | D        | Reached skill level 10 in Evocations
  3478 | D        | Bought a potion of cancellation for 104 gold pieces
  3478 | D        | Bought 2 potions of flight for 78 gold pieces
  3478 | D        | Bought a potion of might for 52 gold pieces
  3478 | D        | Bought a potion of ambrosia for 104 gold pieces
  3478 | D        | Bought a potion of lignification for 39 gold pieces
  3478 | D        | Bought a potion of heal wounds for 65 gold pieces
  3478 | D        | Bought 3 potions of curing for 117 gold pieces
  3478 | D        | Bought a potion of curing for 39 gold pieces
  3624 | D        | Noticed a yaktaur
  3624 | D        | Noticed a yaktaur captain
  3624 | D        | Noticed a yaktaur
  3625 | D        | Noticed a yaktaur
  3626 | D        | Killed a yaktaur
  3629 | D        | Killed a yaktaur captain
  3632 | D        | Killed a yaktaur
  3632 | D        | Reached skill level 16 in Dodging
  3635 | D        | Killed a yaktaur
  3643 | D        | Noticed Azrael
  3645 | D        | Killed Azrael
  3664 | D        | Noticed an orc high priest
  3664 | D        | Noticed an orc priest
  3709 | D        | Killed an orc priest
  3717 | D        | Killed an orc priest
  3717 | D        | Received a gift from Trog
  3721 | D        | Killed an orc priest
  3750 | D        | Killed an orc high priest
  3778 | D        | Noticed a spriggan defender
  3779 | D        | Noticed a spriggan defender
  3779 | D        | Noticed a spriggan defender
  3779 | D        | Noticed a spriggan defender
  3785 | D        | Noticed an orange crystal statue
  3802 | D        | Killed a spriggan defender
  3815 | D        | Killed a spriggan defender
  3819 | D        | Killed a spriggan defender
  3820 | D        | Killed a spriggan defender
  3820 | D        | Received a gift from Trog
  3839 | D        | Killed an orange crystal statue
  3888 | D        | Found Oploet's Jewellery Emporium.
  3888 | D        | Found Zoqaf's Book Shop.
  3888 | D        | Found Hairuzur's Antique Weapon Boutique.
  3888 | D        | Found Gufeush's Book Shoppe.
  3888 | D        | Found Taliv's Antique Weapon Boutique.
  3888 | D        | Found Henir's Antique Armour Emporium.
  3888 | D        | Found Ocimez's Food Shoppe.
  3888 | D        | Found Foofot's Magic Scroll Shop.
  3888 | D        | Found Lejeiri's Antique Armour Shop.
  3888 | D        | Found Eriuhiss's Gadget Emporium.
  3888 | D        | Found Qyogoen's General Store.
  3888 | D        | Found Rimowkig's Distillery.
  3900 | D        | Bought 2 potions of agility for 112 gold pieces
  3900 | D        | Bought a scroll of identify for 28 gold pieces
  3900 | D        | Bought a scroll of identify for 28 gold pieces
  3900 | D        | Bought a scroll of recharging for 133 gold pieces
  3900 | D        | Bought a potion of curing for 42 gold pieces
  3900 | D        | Bought a potion of heal wounds for 70 gold pieces
  3910 | D        | Bought an uncursed ring of poison resistance for 240 gold pieces
  3911 | D        | Bought a cursed ring of loudness for 54 gold pieces
  3915 | D        | Bought a scroll of fog for 26 gold pieces
  3915 | D        | Bought a scroll of enchant weapon for 97 gold pieces
  3915 | D        | Bought a scroll of enchant weapon for 97 gold pieces
  3915 | D        | Bought a scroll of summoning for 123 gold pieces
  3917 | D        | Bought a potion of invisibility for 80 gold pieces
  3917 | D        | Bought a potion of degeneration for 10 gold pieces
  4026 | D        | Noticed a crystal guardian
  4026 | D        | Noticed a crystal guardian
  4026 | D        | Noticed a crystal guardian
  4026 | D        | Noticed a crystal guardian
  4027 | D        | Killed a crystal guardian
  4030 | D        | Killed a crystal guardian
  4030 | D        | Reached XP level 14. HP: 81/81 MP: 10/23
  4035 | D        | Killed a crystal guardian
  4035 | D        | Reached skill level 13 in Fighting
  4035 | D        | Reached skill level 11 in Evocations
  4046 | D        | Killed a crystal guardian
  4058 | D        | Noticed a water elementalist statue
  4058 | D        | Noticed an air elementalist statue
  4059 | D        | Killed a water elementalist statue
  4061 | D        | Killed an air elementalist statue
  4063 | D        | Noticed a fire elementalist statue
  4063 | D        | Noticed an earth elementalist statue
  4064 | D        | Killed a fire elementalist statue
  4068 | D        | Killed an earth elementalist statue
  4109 | D        | Noticed a centaur warrior
  4126 | D        | Killed a centaur warrior
  4163 | D        | Noticed a manticore
  4170 | D        | Killed a manticore
  4170 | D        | Reached skill level 23 in Throwing
  4174 | D        | Noticed a scimitar of holy wrath
  4174 | D        | Noticed a war axe of chopping
  4174 | D        | Noticed a long sword of draining
  4175 | D        | Noticed a flail of holy wrath
  4176 | D        | Killed a war axe of chopping
  4178 | D        | Killed a flail of holy wrath
  4178 | D        | Reached skill level 25 in Stealth
  4181 | D        | Killed a long sword of draining
  4181 | D        | Reached skill level 17 in Dodging
  4190 | D        | Killed a scimitar of holy wrath
  4199 | D        | Got a translucent quick blade
  4200 | D        | Identified the +0 quick blade of the World {drain, Dex+3} (You found it in the Dungeon)
  4304 | D        | Noticed a centaur warrior
  4308 | D        | Killed a centaur warrior
  4308 | D        | Received a gift from Trog
  4329 | D        | Noticed a slime creature
  4341 | D        | Killed a slime creature
  4341 | D        | Reached skill level 12 in Evocations
  4345 | D        | Noticed a slime creature
  4347 | D        | Noticed a yaktaur captain
  4348 | D        | Noticed a hill giant
  4349 | D        | Noticed an anaconda
  4556 | D        | Noticed a ghost moth
  4556 | D        | a satyr changed into a ghost moth
  4557 | D        | a ghost moth changed into a fire dragon
  4575 | D        | Killed a slime creature
  4585 | D        | Received a gift from Trog
  4597 | D        | Received a gift from Trog
  4697 | D        | Noticed a skeletal warrior
  4697 | D        | Noticed a skeletal warrior
  4697 | D        | Noticed a skeletal warrior
  4697 | D        | Noticed a skeletal warrior
  4700 | D        | Killed a skeletal warrior
  4701 | D        | Killed a skeletal warrior
  4703 | D        | Killed a skeletal warrior
  4704 | D        | Killed a skeletal warrior
  4705 | D        | Noticed an ancient lich
  4734 | D        | Noticed Chuck
  4740 | D        | Killed Chuck
  4779 | D        | Killed a yaktaur captain
  4779 | D        | Received a gift from Trog
  4784 | D        | Noticed a green ugly thing
  4786 | D        | Noticed Norris
  4787 | D        | Killed a green ugly thing
  4792 | D        | Killed Norris
  4792 | D        | Received a gift from Trog
  4792 | D        | Reached skill level 18 in Dodging
  4792 | D        | Reached skill level 13 in Evocations
  4801 | D        | Noticed a slime creature
  4817 | D        | Killed a slime creature
  4846 | D        | Noticed a cyan ugly thing
  4852 | D        | Killed a cyan ugly thing
  4853 | D        | Noticed a cyan ugly thing
  4853 | D        | Noticed a lich
  4854 | D        | Killed a cyan ugly thing
  4854 | D        | Reached skill level 24 in Throwing
  4877 | D        | Killed a lich
  4877 | D        | Received a gift from Trog
  4877 | D        | Reached skill level 14 in Fighting
  4877 | D        | Reached skill level 26 in Stealth
  4877 | D        | Reached skill level 14 in Evocations
  4918 | D        | Noticed a shadow dragon
  4921 | D        | Noticed an ogre mage
  4921 | D        | Noticed a shadow dragon
  4945 | D        | Killed an ogre mage
  4952 | D        | Killed a shadow dragon
  4965 | D        | Killed a shadow dragon
  4965 | D        | Reached skill level 19 in Dodging
  4979 | D        | Noticed an obsidian statue
  4979 | D        | Noticed a slime creature
  4980 | D        | Noticed a red ugly thing
  5003 | D        | Killed a slime creature
  5003 | D        | Received a gift from Trog
  5055 | D        | Killed a red ugly thing
  5098 | D        | Killed an obsidian statue
  5108 | D        | Noticed a titan
  5108 | D        | Noticed a vault guard
  5108 | D        | Noticed a vault guard
  5109 | D        | Noticed a fire giant
  5109 | D        | Noticed a vault guard
  5109 | D        | Noticed a vault guard
  5109 | D        | Noticed an anaconda
  5109 | D        | Noticed a golden dragon
  5109 | D        | Noticed a vault guard
  5109 | D        | Noticed a vault guard
  5109 | D        | Noticed a skeletal warrior
  5109 | D        | Noticed a shadow dragon
  5109 | D        | Noticed a vault guard
  5109 | D        | Noticed a vault guard
  5109 | D        | Noticed a skeletal warrior
  5109 | D        | Noticed a titan
  5109 | D        | Noticed a vault guard
  5109 | D        | Noticed a vault guard
  5109 | D        | Noticed a shadow dragon
  5109 | D        | Noticed a vault guard
  5109 | D        | Noticed a vault guard
  5109 | D        | Noticed a shadow dragon
  5109 | D        | Noticed a vault guard
  5109 | D        | Noticed a vault guard
  5109 | D        | Noticed a fire giant
  5109 | D        | Noticed a vault guard
  5109 | D        | Noticed a vault guard
  5109 | D        | Noticed a slime creature
  5109 | D        | Noticed a jumping spider
  5109 | D        | a jumping spider changed into a boulder beetle
  5166 | D        | Paralysed by you for 3 turns
  5204 | D        | Killed a vault guard
  5413 | D        | Killed a vault guard
  5558 | D        | Killed a slime creature
  5558 | D        | Received a gift from Trog
  5596 | D        | Noticed a purple ugly thing
  5597 | D        | Noticed a fire dragon
  5600 | D        | Killed a fire dragon
  5601 | D        | Killed a purple ugly thing
  5601 | D        | Received a gift from Trog
  5651 | D        | Killed a vault guard
  5651 | D        | Reached skill level 15 in Evocations
  5670 | D        | Killed a vault guard
  5670 | D        | Reached XP level 15. HP: 88/88 MP: 12/27
  5677 | D        | Killed a vault guard
  5697 | D        | Killed a vault guard
  5697 | D        | Received a gift from Trog
  5703 | D        | Killed a fire giant
  5703 | D        | Reached skill level 25 in Throwing
  5754 | D        | Killed a vault guard
  5790 | D        | Killed a vault guard
  5790 | D        | Reached skill level 20 in Dodging
  5790 | D        | Reached skill level 27 in Stealth
  5848 | D        | Killed a vault guard
  5848 | D        | Received a gift from Trog
  5870 | D        | Killed a vault guard
  5870 | D        | Reached skill level 1 in Armour
  5876 | D        | Killed a vault guard
  5888 | D        | Killed a shadow dragon
  5888 | D        | Received a gift from Trog
  5888 | D        | Reached skill level 15 in Fighting
  5888 | D        | Reached skill level 2 in Armour
  5888 | D        | Reached skill level 16 in Evocations
  5900 | D        | Killed a vault guard
  5964 | D        | Killed a vault guard
  5964 | D        | Received a gift from Trog
  5995 | D        | Killed a skeletal warrior
  6006 | D        | Killed a golden dragon
  6006 | D        | Reached skill level 3 in Armour
  6020 | D        | Killed a shadow dragon
  6111 | D        | Killed a shadow dragon
  6111 | D        | Received a gift from Trog
  6111 | D        | Reached skill level 4 in Armour
  6111 | D        | Reached skill level 21 in Dodging
  6122 | D        | Killed a titan
  6122 | D        | Received a gift from Trog
  6122 | D        | Reached skill level 17 in Evocations
  6220 | D        | Killed a fire giant
  6220 | D        | Reached skill level 26 in Throwing
  6247 | D        | Killed a vault guard
  6247 | D        | Received a gift from Trog
  6478 | D        | Killed a skeletal warrior
  6501 | D        | Killed a titan
  6501 | D        | Reached skill level 5 in Armour
  6509 | D        | Killed a vault guard
  6613 | D        | Received a gift from Trog
  6622 | D        | Killed a vault guard
  6640 | D        | Got a silver rune of Zot
  6798 | D        | Got a scorched tin ring
  6820 | D        | Identified the ring of Henotheism {rN++ MP+9} (You found it in the Dungeon)
  6836 | D        | Noticed a guardian mummy
  6926 | D        | Received a gift from Trog
  6940 | D        | Noticed a skeletal warrior
  6942 | D        | Killed a skeletal warrior
  7143 | D        | Noticed a deep elf conjurer
  7143 | D        | Noticed a deep elf summoner
  7143 | D        | Noticed a deep elf summoner
  7143 | D        | Noticed a deep elf summoner
  7143 | D        | Noticed a deep elf conjurer
  7177 | D        | Killed a deep elf conjurer
  7463 | D        | Killed a deep elf summoner
  7475 | D        | Killed a deep elf conjurer
  7475 | D        | Received a gift from Trog
  7475 | D        | Received a gift from Trog
  7496 | D        | Killed a deep elf summoner
  7513 | D        | Noticed a deep elf conjurer
  7522 | D        | Killed a deep elf conjurer
  7522 | D        | Reached skill level 6 in Armour
  7527 | D        | Noticed a deep elf annihilator
  7537 | D        | Noticed a deep elf conjurer
  7557 | D        | Killed a deep elf conjurer
  7557 | D        | Received a gift from Trog
  7557 | D        | Reached skill level 18 in Evocations
  7559 | D        | Noticed a deep elf demonologist
  7561 | D        | Killed a deep elf summoner
  7561 | D        | Reached skill level 16 in Fighting
  7561 | D        | Reached skill level 22 in Dodging
  7561 | D        | Killed a deep elf demonologist
  7561 | D        | Received a gift from Trog
  7568 | D        | Killed a deep elf annihilator
  7572 | D        | Noticed a deep elf master archer
  7577 | D        | Noticed a deep elf high priest
  7578 | D        | Killed a deep elf master archer
  7578 | D        | Received a gift from Trog
  7582 | D        | Killed a deep elf high priest
  7586 | D        | Noticed a deep elf high priest
  7589 | D        | Killed a deep elf high priest
  7644 | D        | Got a colourful robe
  7645 | D        | Identified the +1 robe of Kleptomania {MR+} (You took it off a deep elf conjurer in the Dungeon)
  7668 | D        | Received a gift from Trog
  7668 | D        | Received a gift from Trog
  7677 | D        | Received a gift from Trog
  7677 | D        | Received a gift from Trog
  7749 | D        | Identified a +7 rod of the swarm (12/12) (You found it in the Dungeon)
  7818 | D        | Noticed a killer bee
  7818 | D        | Noticed a killer bee
  7818 | D        | Noticed a killer bee
  7818 | D        | Noticed a killer bee
  7818 | D        | Noticed a killer bee
  7818 | D        | Noticed a killer bee
  7818 | D        | Noticed a killer bee
  7818 | D        | Noticed a killer bee
  7818 | D        | Noticed a killer bee
  7818 | D        | Noticed a killer bee
  7818 | D        | Noticed a killer bee
  7818 | D        | Noticed a killer bee
  7818 | D        | Noticed a killer bee
  7818 | D        | Noticed a killer bee
  7818 | D        | Noticed a killer bee
  7819 | D        | Noticed a killer bee
  7819 | D        | Noticed a killer bee
  7819 | D        | Noticed a killer bee
  7819 | D        | Noticed a killer bee
  7819 | D        | Noticed a killer bee
  7819 | D        | Noticed a killer bee
  7819 | D        | Noticed a killer bee
  7819 | D        | Noticed a killer bee
  7819 | D        | Noticed a killer bee
  7819 | D        | Noticed a killer bee
  7819 | D        | Noticed a killer bee
  7819 | D        | Noticed a killer bee
  7819 | D        | Noticed a killer bee
  7819 | D        | Noticed a queen bee
  7819 | D        | Noticed a killer bee
  7819 | D        | Noticed a killer bee
  7819 | D        | Noticed a killer bee
  7819 | D        | Noticed a killer bee
  7820 | D        | Killed a killer bee
  7821 | D        | Killed a killer bee
  7823 | D        | Killed a killer bee
  7824 | D        | Killed a killer bee
  7825 | D        | Killed a killer bee
  7825 | D        | Received a gift from Trog
  7826 | D        | Killed a killer bee
  7828 | D        | Killed a killer bee
  7832 | D        | Killed a killer bee
  7837 | D        | Killed a killer bee
  7838 | D        | Killed a killer bee
  7845 | D        | Killed a killer bee
  7846 | D        | Killed a killer bee
  7846 | D        | Received a gift from Trog
  7847 | D        | Killed a killer bee
  7847 | D        | Received a gift from Trog
  7848 | D        | Killed a killer bee
  7850 | D        | Killed a killer bee
  7852 | D        | Killed a killer bee
  7853 | D        | Killed a killer bee
  7854 | D        | Killed a killer bee
  7856 | D        | Killed a killer bee
  7856 | D        | Received a gift from Trog
  7857 | D        | Killed a killer bee
  7860 | D        | Killed a killer bee
  7861 | D        | Killed a queen bee
  7862 | D        | Killed a killer bee
  7866 | D        | Killed a killer bee
  7870 | D        | Killed a killer bee
  7871 | D        | Killed a killer bee
  7871 | D        | Received a gift from Trog
  7874 | D        | Killed a killer bee
  7878 | D        | Killed a killer bee
  7883 | D        | Killed a killer bee
  7887 | D        | Killed a killer bee
  7892 | D        | Killed a killer bee
  7892 | D        | Received a gift from Trog
  7896 | D        | Killed a killer bee
  7896 | D        | Received a gift from Trog
  7902 | D        | Killed a killer bee
  7992 | D        | Got a shimmering rapier {god gift}
  7993 | D        | Identified the +9 rapier of Pianimeq {pierce, rN+} (Trog gifted it to you in the Dungeon)
  8062 | D        | Noticed an acid blob
  8062 | D        | Noticed a shining eye
  8062 | D        | Noticed a shining eye
  8314 | D        | Noticed Mara
  8315 | D        | Noticed a molten gargoyle
  8315 | D        | Noticed a vampire knight
  8315 | D        | Noticed a vampire knight
  8325 | D        | Killed a molten gargoyle
  8338 | D        | Killed Mara
  8338 | D        | Received a gift from Trog
  8338 | D        | Reached skill level 27 in Throwing
  8338 | D        | Reached skill level 7 in Armour
  8338 | D        | Reached skill level 19 in Evocations
  8338 | D        | Reached XP level 16. HP: 95/98 MP: 16/30
  8370 | D        | Killed a vampire knight
  8374 | D        | Killed a vampire knight
  8374 | D        | Reached skill level 17 in Fighting
  8438 | D        | Noticed a slime creature
  8440 | D        | Noticed a large slime creature
  8440 | D        | Noticed a slime creature
  8440 | D        | Noticed a slime creature
  8441 | D        | Killed a slime creature
  8441 | D        | Reached skill level 23 in Dodging
  8449 | D        | Killed a slime creature
  8449 | D        | Received a gift from Trog
  8460 | D        | Killed a slime creature
  8467 | D        | Killed a large slime creature
  8467 | D        | Reached skill level 8 in Armour
  8480 | D        | Noticed a shadow wraith
  8480 | D        | Noticed a skeletal warrior
  8480 | D        | Noticed a skeletal warrior
  8480 | D        | Noticed a mummy priest
  8492 | D        | Noticed an electric eel
  8492 | D        | Noticed an electric eel
  8492 | D        | Noticed an electric eel
  8493 | D        | Noticed Nikola
  8493 | D        | Noticed a storm dragon
  8506 | D        | Killed a storm dragon
  8511 | D        | Killed an electric eel
  8511 | D        | Received a gift from Trog
  8517 | D        | Killed an electric eel
  8520 | D        | Killed an electric eel
  8520 | D        | Received a gift from Trog
  8522 | D        | Killed a ball lightning
  8522 | D        | Killed a ball lightning
  8522 | D        | Killed a ball lightning
  8522 | D        | Killed a ball lightning
  8522 | D        | Killed a ball lightning
  8522 | D        | Killed a ball lightning
  8618 | D        | Killed a shadow wraith
  8700 | D        | Noticed a wasp
  8703 | D        | Killed a wasp
  8761 | D        | Noticed a hornet
  8764 | D        | Killed a hornet
  8764 | D        | Received a gift from Trog
  8856 | D        | Noticed a hornet
  8859 | D        | Paralysed by a hornet for 4 turns
  8866 | D        | Killed a hornet
  8889 | D        | Killed a skeletal warrior
  9093 | D        | Killed Nikola
  9093 | D        | Received a gift from Trog
  9093 | D        | Reached skill level 9 in Armour
  9093 | D        | Reached skill level 20 in Evocations
  9136 | D        | Killed a deep elf blademaster
  9141 | D        | Noticed an oklob plant
  9147 | D        | Found Cutocuh's Armour Shoppe.
  9147 | D        | Found Esoaw's Food Shop.
  9147 | D        | Noticed an oklob plant
  9149 | D        | Found Biuguel's Distillery.
  9149 | D        | Found Xab Mim's Food Emporium.
  9152 | D        | Noticed Roxanne
  9154 | D        | Killed an oklob plant
  9155 | D        | Killed an oklob plant
  9155 | D        | Reached skill level 18 in Fighting
  9158 | D        | Noticed a sun demon
  9158 | D        | Noticed a hell beast
  9160 | D        | Noticed an ice devil
  9160 | D        | Noticed a hell beast
  9161 | D        | Noticed a soul eater
  9161 | D        | Noticed a sun demon
  9163 | D        | Noticed a soul eater
  9166 | D        | Killed a hell beast
  9171 | D        | Noticed an ice devil
  9171 | D        | Killed Roxanne
  9181 | D        | Killed a soul eater
  9181 | D        | Received a gift from Trog
  9181 | D        | Reached skill level 24 in Dodging
  9194 | D        | Killed a soul eater
  9200 | D        | Killed an ice devil
  9217 | D        | Killed a sun demon
  9217 | D        | Received a gift from Trog
  9220 | D        | Killed an ice devil
  9220 | D        | Received a gift from Trog
  9223 | D        | Killed a sun demon
  9233 | D        | Killed a hell beast
  9236 | D        | Bought a potion of brilliance for 52 gold pieces
  9237 | D        | Bought a potion of might for 52 gold pieces
  9237 | D        | Bought a potion of curing for 39 gold pieces
  9237 | D        | Bought a potion of curing for 39 gold pieces
  9237 | D        | Bought a potion of curing for 39 gold pieces
  9237 | D        | Bought a potion of resistance for 130 gold pieces
  9306 | D        | Noticed a six-headed hydra simulacrum
  9308 | D        | Killed a six-headed hydra simulacrum
  9316 | D        | Noticed an anaconda simulacrum
  9318 | D        | Killed an anaconda simulacrum
  9323 | D        | Noticed a stone giant skeleton
  9323 | D        | Noticed a titan zombie
  9324 | D        | Noticed a stone giant skeleton
  9324 | D        | Noticed Boris
  9324 | D        | Noticed a titan zombie
  9324 | D        | Noticed a spectral iron dragon
  9325 | D        | Killed a titan zombie
  9326 | D        | Killed a titan zombie
  9328 | D        | Killed Boris
  9328 | D        | Reached skill level 19 in Fighting
  9328 | D        | Reached skill level 10 in Armour
  9328 | D        | Reached skill level 21 in Evocations
  9329 | D        | Killed a spectral iron dragon
  9330 | D        | Killed a stone giant skeleton
  9331 | D        | Killed a stone giant skeleton
  9333 | D        | Noticed Mennas
  9334 | D        | Noticed a pristine statue
  9334 | D        | Noticed a pristine statue
  9389 | D        | Killed Mennas
  9389 | D        | Received a gift from Trog
  9389 | D        | Reached skill level 11 in Armour
  9389 | D        | Reached skill level 25 in Dodging
  9389 | D        | Reached skill level 22 in Evocations
  9396 | D        | Noticed a pristine statue
  9396 | D        | Noticed a pristine statue
  9708 | D        | Noticed a deep elf blademaster
  9719 | D        | Killed a deep elf blademaster
  9719 | D        | Received a gift from Trog
  9719 | D        | Reached skill level 20 in Fighting
  9780 | D        | Noticed an iron troll simulacrum
  9780 | D        | Noticed a deep elf knight
  9781 | D        | Found Fotokur's Gadget Boutique.
  9781 | D        | Noticed a deep elf knight
  9784 | D        | Killed an iron troll simulacrum
  9791 | D        | Noticed a vault guard
  9791 | D        | Noticed a vault guard
  9791 | D        | Noticed a deep elf knight
  9815 | D        | Killed a vault guard
  9854 | D        | Killed a deep elf knight
  9854 | D        | Received a gift from Trog
  9854 | D        | Received a gift from Trog
  9857 | D        | Killed a deep elf knight
  9863 | D        | Killed a deep elf knight
  9872 | D        | Killed a vault guard
  9872 | D        | Received a gift from Trog
 10169 | D        | Noticed an Executioner
 10174 | D        | Killed an Executioner
 10174 | D        | Reached skill level 26 in Dodging
 10181 | D        | Noticed a giant orange brain
 10181 | D        | Noticed Nessos
 10187 | D        | Noticed a yellow draconian
 10188 | D        | Killed Nessos
 10188 | D        | Received a gift from Trog
 10193 | D        | Noticed a shining eye
 10193 | D        | Noticed a golden eye
 10201 | D        | Killed a mummy priest
 10203 | D        | Killed a shining eye
 10215 | D        | Killed a giant orange brain
 10218 | D        | Killed a golden eye
 10218 | D        | Received a gift from Trog
 10234 | D        | Killed a yellow draconian
 10234 | D        | Reached skill level 12 in Armour
 10234 | D        | Reached skill level 23 in Evocations
 10241 | D        | Killed a skeletal warrior
 10245 | D        | Noticed a Killer Klown
 10409 | D        | Killed a pristine statue
 10418 | D        | Killed a pristine statue
 10433 | D        | Killed a pristine statue
 10442 | D        | Killed a pristine statue
 10442 | D        | Reached skill level 21 in Fighting
 10590 | D        | Noticed a stone giant
 10590 | D        | Noticed a stone giant
 10591 | D        | Noticed the Serpent of Hell
 10593 | D        | Noticed Geryon
 10621 | D        | Noticed a yaktaur
 10623 | D        | Killed a stone giant
 10624 | D        | Killed a yaktaur
 10631 | D        | Killed a yaktaur
 10633 | D        | Noticed a yaktaur
 10635 | D        | Noticed a yaktaur
 10643 | D        | Noticed a yaktaur captain
 10672 | D        | Killed a stone giant
 10672 | D        | Received a gift from Trog
 10841 | D        | Noticed a yaktaur
 10843 | D        | Noticed a yaktaur
 10845 | D        | Noticed a yaktaur
 10847 | D        | Killed a yaktaur captain
 10864 | D        | Killed a yaktaur
 10867 | D        | Killed a yaktaur
 10867 | D        | Reached XP level 17. HP: 101/107 MP: 14/33
 10870 | D        | Killed a yaktaur
 10873 | D        | Killed a yaktaur
 10873 | D        | Received a gift from Trog
 10880 | D        | Noticed a yaktaur
 10893 | D        | Killed a yaktaur
 10910 | D        | Killed a yaktaur
 11039 | D        | Killed Geryon
 11039 | D        | Reached skill level 27 in Dodging
 11058 | D        | Noticed a hellion
 11058 | D        | Noticed a hellion
 11059 | D        | Noticed a Brimstone Fiend
 11059 | D        | Noticed a hellion
 11059 | D        | Noticed a hellion
 11067 | D        | Noticed a quasit
 11068 | D        | Noticed a greater mummy
 11068 | D        | Noticed a shadow
 11069 | D        | Killed a quasit
 11070 | D        | Noticed a quasit
 11071 | D        | Killed a shadow
 11073 | D        | Killed a greater mummy
 11073 | D        | Received a gift from Trog
 11073 | D        | Reached skill level 13 in Armour
 11073 | D        | Reached skill level 24 in Evocations
 11074 | D        | Killed a quasit
 11076 | D        | Noticed a guardian mummy
 11076 | D        | Noticed a shadow
 11076 | D        | Noticed a greater mummy
 11076 | D        | Noticed a shadow
 11076 | D        | Noticed a quasit
 11079 | D        | Killed a guardian mummy
 11080 | D        | Killed a shadow
 11081 | D        | Killed a shadow
 11186 | D        | Killed a greater mummy
 11186 | D        | Reached skill level 25 in Evocations
 11193 | D        | Killed a quasit
 11446 | D        | Noticed a quasit
 11447 | D        | Noticed a shadow
 11448 | D        | Killed a shadow
 11449 | D        | Killed a quasit
 11449 | D        | Received a gift from Trog
 11454 | D        | Noticed a quasit
 11456 | D        | Killed a quasit
 11461 | D        | Noticed Gloorx Vloq
 11461 | D        | Noticed a guardian mummy
 11475 | D        | Killed a guardian mummy
 11485 | D        | Noticed a guardian mummy
 11485 | D        | Noticed a shadow
 11486 | D        | Killed a shadow
 11487 | D        | Noticed a shadow
 11494 | D        | Killed Gloorx Vloq
 11494 | D        | Reached skill level 22 in Fighting
 11494 | D        | Reached skill level 14 in Armour
 11494 | D        | Reached skill level 26 in Evocations
 11496 | D        | Killed a guardian mummy
 11518 | D        | Killed a shadow
 11651 | D        | Noticed an orange crystal statue
 11651 | D        | Noticed a guardian mummy
 11653 | D        | Killed a guardian mummy
 11661 | D        | Killed an orange crystal statue
 11663 | D        | Noticed a ghost moth
 11663 | D        | Noticed a shadow
 11663 | D        | Noticed a shadow
 11663 | D        | Noticed a ghost moth
 11663 | D        | Noticed a shadow
 11663 | D        | Noticed a ghost moth
 11663 | D        | Noticed a shadow
 11667 | D        | Killed a ghost moth
 11668 | D        | Noticed a shadow
 11669 | D        | Killed a ghost moth
 11669 | D        | Reached skill level 15 in Armour
 11670 | D        | Killed a ghost moth
 11670 | D        | Received a gift from Trog
 11671 | D        | Killed a shadow
 11681 | D        | Killed a shadow
 11693 | D        | Killed a shadow
 11706 | D        | Killed a shadow
 11712 | D        | Killed a shadow
 11717 | D        | Noticed a quasit
 11717 | D        | Noticed a quasit
 11717 | D        | Noticed a quasit
 11718 | D        | Noticed a quasit
 11718 | D        | Noticed a quasit
 11718 | D        | Noticed a quasit
 11721 | D        | Killed a quasit
 11722 | D        | Noticed a guardian mummy
 11722 | D        | Killed a quasit
 11722 | D        | Received a gift from Trog
 11724 | D        | Noticed a guardian mummy
 11724 | D        | Killed a quasit
 11726 | D        | Noticed Khufu
 11726 | D        | Killed a quasit
 11727 | D        | Killed a quasit
 11729 | D        | Noticed a guardian mummy
 11729 | D        | Killed a guardian mummy
 11730 | D        | Killed a quasit
 11748 | D        | Noticed a greater mummy
 11793 | D        | Killed a guardian mummy
 11797 | D        | Noticed a guardian mummy
 11802 | D        | Killed a greater mummy
 11802 | D        | Received a gift from Trog
 11802 | D        | Reached skill level 27 in Evocations
 11817 | D        | Killed a guardian mummy
 11999 | D        | Noticed a guardian mummy
 12002 | D        | Killed a guardian mummy
 12002 | D        | Reached skill level 23 in Fighting
 12033 | D        | Killed Khufu
 12033 | D        | Received a gift from Trog
 12033 | D        | Reached skill level 16 in Armour
 12038 | D        | Noticed a greater mummy
 12038 | D        | Killed a guardian mummy
 12043 | D        | Killed a greater mummy
 12212 | D        | Got a bone rune of Zot
 12237 | D        | Received a gift from Trog
 12334 | D        | Noticed a war gargoyle
 12334 | D        | Noticed an iron elemental
 12334 | D        | Noticed the iron giant
 12335 | D        | Noticed a war gargoyle
 12335 | D        | Noticed a war gargoyle
 12335 | D        | Noticed a war gargoyle
 12338 | D        | Killed an iron elemental
 12345 | D        | Killed a war gargoyle
 12345 | D        | Reached skill level 17 in Armour
 12349 | D        | Killed a war gargoyle
 12350 | D        | Killed a war gargoyle
 12356 | D        | Killed the iron giant
 12356 | D        | Reached skill level 24 in Fighting
 12361 | D        | Killed a war gargoyle
 12728 | D        | Noticed an iron golem
 12731 | D        | Killed an iron golem
 12742 | D        | Noticed a Hell Sentinel
 12742 | D        | Noticed a Hell Sentinel
 12742 | D        | Noticed Dispater
 12745 | D        | Killed a Hell Sentinel
 12745 | D        | Received a gift from Trog
 12746 | D        | Killed a Hell Sentinel
 12746 | D        | Reached XP level 18. HP: 122/122 MP: 18/36
 12753 | D        | Killed Dispater
 12753 | D        | Reached skill level 18 in Armour
 12758 | D        | Got an iron rune of Zot
 12760 | D        | Received a gift from Trog
 12790 | D        | Noticed an iron dragon
 12790 | D        | Noticed a rust devil
 12790 | D        | Noticed a rust devil
 12790 | D        | Noticed a rust devil
 12792 | D        | Killed a rust devil
 12792 | D        | Reached skill level 25 in Fighting
 12793 | D        | Killed a rust devil
 12795 | D        | Killed an iron dragon
 12795 | D        | Received a gift from Trog
 12810 | D        | Killed a rust devil
 12819 | D        | Noticed a Hell Sentinel
 12819 | D        | Noticed an iron elemental
 12820 | D        | Killed an iron elemental
 12822 | D        | Killed a Hell Sentinel
 12822 | D        | Reached skill level 19 in Armour
 12877 | D        | Noticed a kraken simulacrum
 12880 | D        | Noticed a kraken simulacrum
 12881 | D        | Killed a kraken simulacrum
 12882 | D        | Noticed an Ice Fiend
 12884 | D        | Killed an Ice Fiend
 12890 | D        | Noticed an Ice Fiend
 12892 | D        | Killed an Ice Fiend
 12905 | D        | Killed a kraken simulacrum
 12910 | D        | Noticed Antaeus
 12912 | D        | Noticed a kraken simulacrum
 12988 | D        | Killed a kraken simulacrum
 13024 | D        | Paralysed by you for 5 turns
 13026 | D        | Killed from afar by Antaeus

Action                   |  1- 3 |  4- 6 |  7- 9 | 10-12 | 13-15 | 16-18 || total
-------------------------+-------+-------+-------+-------+-------+-------++-------
Melee: Dagger            |     5 |     3 |    35 |    11 |       |       ||    54
       Quick blade       |       |       |       |   119 |   585 |   418 ||  1122
       Rapier            |       |       |       |       |    64 |       ||    64
 Fire: Blowgun           |    10 |       |     6 |    38 |   116 |    36 ||   206
Throw: Tomahawk          |       |       |    12 |     8 |    27 |    91 ||   138
       Throwing net      |       |       |       |       |     2 |    14 ||    16
Invok: Burn Spellbooks   |       |       |     1 |       |     3 |     3 ||     7
       Berserk           |       |       |     1 |     1 |     5 |       ||     7
       Brothers in Arms  |       |       |       |       |     7 |     8 ||    15
 Abil: Evoke Invisibilit |       |       |       |       |     1 |     5 ||     6
Evoke: Wand              |       |       |       |       |       |     4 ||     4
  Use: Potion            |     2 |       |     2 |       |     6 |     3 ||    13
       Scroll            |       |       |       |       |    15 |     4 ||    19
 Stab: Sleeping          |     4 |     3 |    10 |    25 |    45 |    47 ||   134
       Paralysed         |       |       |       |    20 |    23 |     6 ||    49
       Confused          |       |       |       |       |     8 |       ||     8
       Distracted        |       |       |       |       |    17 |     5 ||    22
       Invisible         |       |       |       |       |    24 |    22 ||    46
       Held in net/web   |       |       |       |       |     2 |    15 ||    17
  Eat: Fruit             |       |       |       |     6 |     3 |     2 ||    11
       Bread ration      |       |       |       |       |     3 |       ||     3
       Royal jelly       |       |       |       |       |       |     1 ||     1
